Map: Romanticide LE

Players

LiquidClem (Clem) - Winner!

  • Race: Terran Terran
  • League: Bronze

ByuN

  • Race: Terran Terran

VOD

Have the link to the VOD?

Description

Time

  • Played on: April 25, 2021, 1:10 p.m.
  • Length: 17:11
Show
View Real Time Build Order
Export as new Build Order

LiquidClem Terran - Winner!

Build Orders:  

Get SALT Encoding   

  12  0:00  SCV  
  13  0:12  SCV  
  14  0:17  Supply Depot  
  14  0:24  SCV  
  15  0:38  SCV  
  15  0:39  Barracks  
  16  0:43  Refinery  
  16  0:50  SCV  
  16  0:53  Refinery  
  17  1:02  SCV  
  18  1:15  SCV  
  19  1:26  Reaper  
  19  1:27  Orbital Command  
  19  1:28  Supply Depot  
  20  1:41  Factory  
  20  1:52  SCV  
  21  1:58  Reaper  
  22  2:04  SCV  
  23  2:15  Command Center  
  23  2:17  SCV  
  24  2:24  Hellion  
  24  2:29  SCV  
  27  2:31  Barracks Reactor  
  27  2:40  Starport  
  27  2:42  SCV  
  28  2:46  Widow Mine  
  28  2:47  Supply Depot  
  30  2:54  SCV  
  31  3:07  Factory Tech Lab  
  31  3:09  SCV, Marine x2  
  34  3:15  Refinery  
  34  3:18  Starport Tech Lab  
  34  3:21  SCV  
  35  3:27  Cyclone  
  35  3:28  Orbital Command  
  35  3:33  SCV, Marine  
  40  3:34  Marine  
  41  3:45  SCV  
  41  3:46  Raven  
  44  3:52  Supply Depot  
  44  3:54  SCV  
  45  3:57  SCV  
  45  3:58  Marine x2  
  48  4:03  Siege Tank  
  51  4:10  SCV  
  51  4:11  SCV  
  53  4:21  Supply Depot  
  53  4:22  SCV  
  53  4:23  SCV  
  55  4:29  Raven  
  57  4:34  Command Center  
  57  4:36  SCV  
  57  4:37  SCV  
  59  4:42  Siege Tank  
  62  4:48  SCV, Supply Depot  
  62  4:51  SCV  
  64  5:00  SCV  
  64  5:03  Barracks, SCV  
  64  5:05  Barracks  
  66  5:11  Supply Depot  
  66  5:12  SCV  
  67  5:15  SCV  
  67  5:16  Siege Tank  
  69  5:24  SCV, Viking x2  
  69  5:26  Marine  
  75  5:29  SCV  
  75  5:31  Refinery  
  75  5:35  Stimpack  
  76  5:37  SCV  
  76  5:41  SCV  
  78  5:46  Engineering Bay x2  
  78  5:49  SCV  
  79  5:51  Barracks Reactor  
  79  5:53  Siege Tank, SCV  
  83  5:58  Viking  
  83  6:01  SCV  
  83  6:03  Supply Depot  
  86  6:06  SCV  
  86  6:07  Viking  
  86  6:09  Orbital Command  
  86  6:11  Barracks Reactor  
  89  6:13  SCV  
  89  6:15  Marine  
  89  6:18  SCV  
  90  6:25  SCV  
  90  6:27  Siege Tank  
  90  6:28  Supply Depot  
  90  6:30  SCV  
  90  6:32  Marine x3  
  94  6:34  Viking  
  94  6:36  SCV  
  94  6:38  SCV, Viking  
  102  6:42  SCV  
  102  6:44  Supply Depot  
  102  6:46  Terran Infantry Armor Level 1  
  103  6:48  SCV  
  103  6:50  SCV  
  103  6:51  Marine x2  
  103  6:52  Marine x2, Supply Depot  
  109  6:54  Terran Infantry Weapons Level 1  
  109  6:55  SCV  
  109  6:59  Marine  
  109  7:00  SCV  
  112  7:01  Refinery  
  112  7:02  Refinery, SCV  
  112  7:05  Siege Tank  
  112  7:07  SCV  
  116  7:11  Supply Depot  
  116  7:12  SCV  
  116  7:13  Marine x4  
  116  7:14  SCV  
  122  7:19  Viking, Supply Depot  
  122  7:21  SCV  
  125  7:23  Viking  
  125  7:27  Marine  
  128  7:30  Marine  
  128  7:32  Marine x2  
  128  7:33  Supply Depot  
  128  7:35  SCV  
  128  7:36  SCV  
  133  7:40  Siege Tank  
  136  7:44  Barracks  
  136  7:51  Barracks  
  136  7:52  Combat Shield  
  136  7:56  Armory  
  135  8:00  Sensor Tower  
  135  8:01  Command Center  
  133  8:08  Marine x3  
  133  8:09  Marine x2  
  133  8:12  Siege Tank  
  140  8:17  Medivac x2  
  140  8:18  Supply Depot  
  144  8:22  Supply Depot  
  144  8:25  Supply Depot  
  144  8:26  Marine x3  
  147  8:29  Marine x2  
  149  8:35  Factory  
  149  8:36  Barracks Reactor  
  149  8:37  SCV  
  149  8:39  Missile Turret  
  149  8:40  Marine  
  146  8:44  Marine  
  146  8:45  Terran Infantry Armor Level 2  
  146  8:46  Marine x2  
  146  8:47  Siege Tank  
  146  8:48  Supply Depot  
  152  8:49  Missile Turret  
  152  8:50  Marine  
  152  8:51  Marine  
  152  8:53  SCV x3  
  156  9:02  Barracks Reactor, Marine  
  157  9:04  Terran Infantry Weapons Level 2, Marine x2, Supply Depot  
  157  9:05  Terran Vehicle Weapons Level 1  
  157  9:08  Marine  
  159  9:13  Missile Turret  
  159  9:16  Marine  
  160  9:20  SCV, Marine x2  
  160  9:21  Missile Turret  
  160  9:22  Siege Tank  
  162  9:25  Barracks Reactor  
  162  9:27  Marine  
  162  9:29  Marine  
  160  9:31  Marine  
  160  9:34  Siege Tank, Marine  
  160  9:36  Liberator, Viking  
  160  9:37  SCV  
  168  9:38  Marine x3  
  168  9:41  Marine  
  168  9:44  Planetary Fortress  
  172  9:47  Marine  
  172  9:48  Marine  
  172  9:51  Marine x2  
  174  9:54  Siege Tank  
  174  9:57  Marine x2  
  174  9:58  Marine x2  
  179  10:01  SCV  
  179  10:04  Marine  
  179  10:05  Marine  
  179  10:07  Marine x2  
  182  10:10  Siege Tank, Marine x2  
  185  10:15  Marine x2  
  185  10:16  Marine x2  
  185  10:17  Medivac  
  185  10:21  Medivac  
  185  10:22  Marine  
  185  10:23  Marine  
  185  10:24  Marine x2  
  185  10:25  SCV  
  185  10:26  Siege Tank  
  195  10:29  Marine  
  195  10:30  Marine  
  195  10:31  SCV  
  195  10:33  Marine x2  
  194  10:36  SCV, Marine  
  194  10:37  Marine  
  194  10:40  Marine  
  194  10:41  Marine  
  194  10:42  Marine  
  196  10:50  Widow Mine  
  196  10:51  Marine  
  196  10:52  Marine  
  196  10:53  SCV, Marine  
  196  10:54  SCV  
  196  10:56  Marine  
  196  10:57  Medivac x2, SCV  
  172  10:58  Siege Tank  
  172  10:59  Marine x2  
  172  11:02  Marine x2  
  172  11:03  Marine  
  173  11:11  Siege Tank  
  173  11:15  Marine x5  
  173  11:16  SCV  
  176  11:21  Marine  
  176  11:22  Marine  
  168  11:27  Medivac x2  
  168  11:29  Command Center  
  166  11:34  Siege Tank, Marine  
  166  11:35  SCV, Marine  
  166  11:36  Marine  
  173  11:43  Siege Tank, Marine  
  173  11:45  Marine  
  173  11:46  Marine  
  161  11:48  Marine x2  
  161  11:52  SCV  
  161  11:53  SCV, Marine  
  162  11:54  Sensor Tower  
  162  11:57  Marine x3  
  162  11:59  SCV  
  166  12:04  Viking  
  166  12:05  Marine x2, Viking  
  166  12:06  Marine  
  173  12:13  Marine  
  174  12:15  Marine  
  174  12:16  Marine x4  
  174  12:17  Siege Tank  
  182  12:22  Terran Infantry Weapons Level 3  
  182  12:27  Terran Infantry Armor Level 3, Marine  
  182  12:29  Marine x2  
  185  12:33  Siege Tank, Marine  
  177  12:39  Marine x2  
  177  12:40  Marine  
  177  12:42  Viking  
  177  12:43  Marine x2  
  170  12:44  Marine  
  170  12:45  Marine  
  170  12:47  Marine x2  
  170  12:49  Siege Tank  
  169  12:51  Viking  
  169  12:55  Marine  
  169  12:57  Marine x2  
  169  12:58  Marine  
  175  13:00  Marine  
  175  13:05  Siege Tank  
  175  13:11  Marine x2  
  175  13:12  Viking  
  176  13:14  Marine x2  
  175  13:20  Refinery x2  
  175  13:21  Siege Tank, SCV x2  
  175  13:22  Marine, Starport  
  181  13:31  Marine x4  
  181  13:32  Marine  
  181  13:33  Marine x2  
  188  13:35  Marine x2  
  188  13:37  Siege Tank  
  188  13:40  Marine  
  191  13:49  Marine x5  
  191  13:51  Marine x2  
  191  13:53  Marine x2  
  197  13:58  Marine  
  190  14:03  SCV x2  
  190  14:07  Siege Tank, Marine x3  
  190  14:09  Siege Tank, Marine x2  
  189  14:39  Starport Reactor, Siege Tank  
  189  14:40  Command Center x2, Marine x4  
  189  14:41  SCV, Starport  
  189  14:42  Medivac  
  196  14:48  Siege Tank, Marine  
  196  14:51  Medivac  
  196  14:52  Marine x3  
  179  14:53  Marine  
  173  15:00  Marine x2  
  173  15:01  Marine  
  173  15:02  Marine x2  
  173  15:06  Marine  
  179  15:07  Orbital Command  
  179  15:09  Marine  
  179  15:10  Marine x2  
  179  15:11  Siege Tank  
  179  15:12  Medivac  
  187  15:16  Missile Turret  
  187  15:18  SCV  
  187  15:20  Siege Tank  
  191  15:21  SCV  
  191  15:22  Missile Turret  
  191  15:24  Sensor Tower  
  192  15:28  Starport Reactor  
  192  15:29  Viking  
  192  15:30  Viking  
  195  15:47  Siege Tank  
  194  15:50  Viking  
  194  15:53  Viking  
  189  15:59  Viking  
  189  16:00  Armory, Viking  
  189  16:11  Orbital Command  
  189  16:12  Marine  
  189  16:16  Medivac x2, Siege Tank, Marine x2  
  198  16:20  Viking  
  200  16:34  Planetary Fortress  
  200  16:45  Refinery  
  200  16:46  Command Center, Refinery  
  200  16:49  Unknown  
Show
View Real Time Build Order
Export as new Build Order

ByuN Terran 

Build Orders:  

Get SALT Encoding   

  12  0:00  SCV  
  13  0:12  SCV  
  14  0:17  Supply Depot  
  14  0:24  SCV  
  15  0:38  SCV  
  15  0:39  Barracks  
  16  0:44  Refinery  
  16  0:50  SCV  
  16  0:53  Refinery  
  17  1:03  SCV  
  18  1:15  SCV  
  19  1:26  Reaper  
  19  1:28  Orbital Command  
  19  1:31  Supply Depot  
  20  1:42  Factory  
  20  1:54  SCV  
  20  1:58  Reaper  
  22  2:06  SCV  
  23  2:18  SCV  
  23  2:21  Command Center  
  24  2:25  Hellion  
  26  2:30  Barracks Reactor  
  26  2:31  SCV  
  27  2:40  Starport  
  27  2:43  SCV  
  28  2:49  Supply Depot  
  30  2:51  Widow Mine  
  30  2:55  SCV  
  31  3:10  SCV  
  32  3:13  Factory Tech Lab  
  32  3:15  Marine  
  32  3:16  Marine  
  34  3:20  Starport Tech Lab  
  34  3:22  SCV  
  35  3:27  Refinery  
  35  3:32  Cyclone  
  35  3:33  Marine x2  
  40  3:36  Orbital Command  
  40  3:41  Raven  
  40  3:43  SCV  
  43  3:51  Marine x2  
  43  3:55  SCV  
  46  4:00  Supply Depot  
  46  4:04  Siege Tank  
  46  4:07  SCV x2  
  51  4:12  Marine x2  
  53  4:17  Supply Depot  
  53  4:23  SCV x2  
  55  4:25  Raven  
  57  4:31  Marine x2  
  57  4:35  SCV x2  
  61  4:39  Siege Tank  
  61  4:44  Supply Depot  
  64  4:49  SCV x2  
  64  4:50  Marine  
  64  4:51  Marine  
  68  5:01  SCV x2  
  68  5:06  Command Center  
  70  5:13  SCV x2  
  70  5:16  Refinery  
  70  5:19  Viking x2  
  74  5:25  Siege Tank  
  74  5:27  SCV  
  78  5:33  Supply Depot  
  78  5:34  Stimpack  
  78  5:39  Marine  
  78  5:51  Barracks  
  78  5:52  Barracks  
  78  5:54  SCV x2, Viking  
  78  5:55  Viking  
  84  6:01  Marine  
  85  6:06  SCV  
  85  6:09  Supply Depot  
  86  6:11  SCV, Siege Tank  
  90  6:19  SCV  
  90  6:20  Engineering Bay  
  90  6:22  Engineering Bay  
  91  6:28  Viking x2  
  91  6:32  Supply Depot  
  93  6:34  SCV x2  
  93  6:39  Barracks Reactor  
  94  6:41  Barracks Reactor  
  94  6:46  SCV  
  94  6:47  SCV  
  96  6:52  Terran Infantry Weapons Level 1, Terran Infantry Armor Level 1  
  96  6:53  Siege Tank  
  99  6:59  SCV x2  
  99  7:01  Orbital Command, Supply Depot  
  101  7:07  Marine  
  102  7:11  SCV x2  
  104  7:16  Marine x3  
  104  7:17  Marine  
  108  7:23  SCV x2, Supply Depot  
  108  7:25  Marine  
  108  7:26  Combat Shield  
  108  7:28  SCV  
  112  7:31  Medivac x2  
  112  7:33  Siege Tank  
  112  7:34  Marine  
  112  7:36  SCV  
  121  7:37  Refinery  
  121  7:38  Refinery, SCV  
  122  7:46  Barracks  
  122  7:47  SCV  
  122  7:48  Barracks, SCV  
  122  7:50  SCV  
  125  7:52  Marine x4  
  125  7:53  Marine  
  125  7:56  Supply Depot  
  128  8:01  SCV x2  
  128  8:02  SCV  
  128  8:04  Medivac x2  
  135  8:05  Siege Tank  
  135  8:10  Marine  
  135  8:11  Armory  
  139  8:13  SCV x2  
  139  8:15  SCV  
  140  8:23  Marine  
  140  8:24  Marine x3  
  144  8:28  Marine  
  144  8:29  SCV x3  
  147  8:36  Supply Depot  
  147  8:38  Supply Depot  
  147  8:41  Command Center, Marine x2  
  149  8:42  Barracks Reactor x2  
  149  8:46  Sensor Tower  
  149  8:47  Marine x2, Supply Depot  
  151  8:49  Supply Depot x2  
  151  8:53  Viking x2  
  152  9:00  Marine x2  
  152  9:01  Marine  
  155  9:05  Siege Tank, Marine  
  159  9:11  Factory  
  159  9:13  Barracks Reactor  
  159  9:18  Marine x3  
  159  9:19  Supply Depot x2  
  159  9:20  SCV x2  
  159  9:23  Marine  
  165  9:29  Viking  
  165  9:30  Viking  
  169  9:34  Marine x2  
  169  9:35  Marine x2  
  169  9:36  Marine x3  
  174  9:43  Marine  
  175  9:50  Siege Tank  
  175  9:52  Marine x4  
  176  9:54  Marine x3  
  176  9:58  SCV x2, Terran Infantry Armor Level 2  
  176  9:59  Viking  
  184  10:01  Marine  
  184  10:05  Terran Infantry Weapons Level 2  
  185  10:10  Marine x4  
  185  10:11  Marine  
  180  10:14  Marine x2  
  180  10:15  Marine  
  180  10:20  Marine x2  
  179  10:22  Siege Tank  
  179  10:27  Siege Tank  
  179  10:28  Marine x4  
  186  10:35  Medivac x2  
  187  10:38  SCV x2  
  187  10:41  Planetary Fortress  
  186  10:53  Marine  
  186  10:54  Siege Tank  
  186  10:57  Marine x2  
  155  10:58  Marine  
  155  10:59  Marine x2  
  155  11:00  Siege Tank, Marine x2  
  155  11:01  Marine x2  
  164  11:11  Marine  
  156  11:14  Marine x2, Viking x2  
  156  11:16  Marine  
  156  11:17  Marine x3  
  161  11:18  Marine x2  
  161  11:21  Marine  
  161  11:25  SCV x3  
  155  11:26  Siege Tank  
  155  11:28  Marine  
  155  11:32  Marine x2  
  159  11:34  Marine  
  159  11:36  Marine x5  
  159  11:39  Marine  
  168  11:44  Viking x2  
  168  11:46  Marine  
  160  11:49  Siege Tank  
  160  11:50  Marine x2  
  160  11:52  Marine  
  160  11:53  Marine  
  160  11:54  Marine x4  
  162  11:57  Starport x2  
  166  12:04  Siege Tank  
  166  12:05  Marine  
  166  12:06  Marine  
  166  12:08  Marine x2  
  172  12:10  Marine  
  172  12:11  Marine x2  
  172  12:14  Refinery x2  
  176  12:16  Terran Infantry Armor Level 3  
  176  12:21  Siege Tank, Marine x2  
  176  12:22  Viking x2  
  184  12:36  Siege Tank  
  172  12:45  Marine  
  172  12:48  Sensor Tower, Marine x3  
  172  12:49  Marine x3  
  172  12:50  Marine x3  
  180  12:54  Siege Tank  
  179  13:04  Marine  
  170  13:06  Marine x4  
  170  13:08  Siege Tank  
  170  13:11  Marine x2  
  170  13:12  Marine x2  
  178  13:13  Marine  
  178  13:17  Liberator x2  
  185  13:22  Marine  
  185  13:24  Marine x4  
  185  13:26  Siege Tank  
  193  13:31  Starport Tech Lab x2  
  193  13:33  Marine x5  
  198  13:40  Siege Tank  
  198  13:41  Marine  
  199  13:42  Marine  
  199  13:47  Marine  
  199  13:48  Marine x2  
  198  13:51  Marine x2  
  200  13:57  Marine  
  200  13:59  Marine x2  
  196  14:03  SCV x3  
  191  14:12  Siege Tank  
  191  14:15  SCV x3  
  191  14:16  Marine x5  
  196  14:23  Raven  
  196  14:24  Raven  
  197  14:32  Marine  
  194  14:40  Marine x6  
  187  14:46  Marine x2  
  187  14:48  Marine  
  187  14:50  Marine  
  180  14:57  Marine  
  180  14:58  Marine x4  
  185  15:01  SCV x2  
  185  15:06  Raven x2  
  193  15:07  SCV  
  193  15:13  SCV x2  
  196  15:18  Medivac x2  
  196  15:30  Sensor Tower  
  196  15:32  Command Center  
  168  15:52  Marine x5  
  168  15:53  Siege Tank x2  
  168  15:54  Marine x5  
  168  15:56  Raven x2  
  150  16:09  Marine  
  150  16:10  Marine x4  
  137  16:12  Marine x5  
  135  16:25  Siege Tank x2  
  135  16:27  Marine  
  135  16:28  Marine x2  
  144  16:42  Marine x2  
  144  16:43  Marine  
  144  16:45  Marine x3  
  144  16:46  Marine  
Tags
 
League
Bronze
Matchup
TvT
Player
ByuNClem
Race
Terran
Add a new tag
Caveats
  • Supply blocks, unpowered buildings, or Contaminate may cause inaccurate times.
  • Supply counts are checked every 10 seconds.